 Dungeon Crawl Stone Soup version 0.30.0-29-ga12c61a403 (webtiles) character file.

Game seed: 1875922234387346096

208 Heoruswealwe the Caller (level 5, -6/28 HPs)
             Began as a Deep Elf Summoner on June 9, 2023.
             Mangled by a vampire (14 damage)
             ... created by the anger of Yredelemnul
             ... on level 4 of the Dungeon.
             The game lasted 00:44:40 (2231 turns).

Heoruswealwe the Caller (Deep Elf Summoner)         Turns: 2231, Time: 00:44:40

Health: -6/28      AC:  2    Str:  5    XL:     5   Next: 55%
Magic:  2/15       EV: 12    Int: 22    God:
Gold:   164        SH:  5    Dex: 15    Spells: 2/15 levels left

rFire   . . .        b - +0 long sword
rCold   . . .        (no shield)
rNeg    . . .        c - +0 robe {Will+}
rPois   .            (no helmet)
rElec   .            (no cloak)
rCorr   .            (no gloves)
SInv    .            (no boots)
Will    +....        i - amulet of reflection
Stlth   ++           (no ring)
HPRegen 0.24/turn    (no ring)
MPRegen 0.14/turn

%: reflection
@: no status effects
A: no striking features
a: no special abilities


You were on level 4 of the Dungeon.
You visited 1 branch of the dungeon, and saw 4 of its levels.

You collected 164 gold pieces.

Inventory:

Hand Weapons
 b - a +0 long sword (weapon)
Armour
 c - a +0 robe of willpower (worn)
Jewellery
 i - an amulet of reflection (around neck)
Scrolls
 g - 2 scrolls of teleportation
 l - 2 scrolls of fear
 m - 2 scrolls of enchant armour {unknown}
 s - 3 scrolls of poison {unknown}
Potions
 a - a potion of haste {unknown}
 e - 2 potions of flight {unknown}
 j - 2 potions of cancellation {unknown}
 k - a potion of berserk rage {unknown}
 n - a potion of mutation {unknown}
 o - 2 potions of magic
 p - a potion of ambrosia {unknown}
 q - 2 potions of curing {unknown}
 r - a potion of invisibility {unknown}
 t - a potion of might {unknown}


   Skills:
 - Level 2.4 Dodging
 - Level 2.4 Stealth
 + Level 5.9 Spellcasting
 + Level 6.1 Summonings


You had 2 spell levels left.
You knew the following spells:

 Your Spells              Type           Power      Damage    Failure   Level
a - Summon Small Mammal   Summ           100%       N/A       1%          1
b - Call Imp              Summ           66%        N/A       1%          2
c - Call Canine Familiar  Summ           33%        N/A       2%          3
d - Summon Guardian Gole  Hex/Summ       20%        N/A       8%          3
e - Summon Ice Beast      Ice/Summ       20%        N/A       26%         4

Your spell library contained the following spells:

 Spells                   Type           Power      Damage    Failure   Level
 Summon Lightning Spire   Summ/Air       20%        N/A       26%         4
 Summon Mana Viper        Hex/Summ       20%        N/A       56%         5
 Monstrous Menagerie      Summ           16%        N/A       99%         7


Dungeon Overview and Level Annotations

Branches:
Dungeon (4/15)
 Temple: D:4-7

Altars:
Nemelex Xobeh
Yredelemnul
Zin


Message History

A gnoll comes into view. It is wielding a +0 whip.
Your hound closely misses the vampire.
Your ice beast hits the vampire but does no damage.
You barely miss the vampire.
The vampire is lightly damaged.
Your hound barely misses the vampire.
The howler monkey zombie hits your hound.
Your ice beast hits the vampire.
Your ice beast freezes the vampire.
The vampire resists.
The vampire completely misses you. The vampire closely misses you.
The gnoll shouts!
Your ice beast misses the vampire.
The vampire hits you. The vampire bites you.
The vampire draws strength from your injuries!
You hit the vampire but do no damage.
The vampire is moderately damaged.
Your ice beast barely misses the vampire.
The howler monkey zombie hits your ice beast.
Your ice beast dies!
Your ice beast disappears in a puff of smoke!
The vampire misses you. You block the vampire's attack.
Your hound bites the vampire but does no damage.
Casting: Call Canine Familiar (dangerous; 2% risk of failure)
Confirm with . or Enter, or press ? or * to list all spells.
The spell is astonishingly dangerous to miscast (26% risk of failure)!
Continue anyway?
A chill wind blows around you. You block the vampire's attack.
The vampire bites you.
The vampire draws strength from your injuries!
Your hound bites the vampire but does no damage.
You hit the vampire but do no damage.
The vampire is moderately damaged.
Your hound bites the vampire.
The howler monkey zombie closely misses you.
The vampire hits you. The vampire bites you.
* * * LOW HITPOINT WARNING * * *
The vampire draws strength from your injuries!
Your hound barely misses the vampire.
Your ice beast barely misses the vampire.
The vampire hits you!
Ouch! That really hurt!
You die...

#... #....# #....#
#....##### #..g....#
#.......# #.......#
#....Y@h#
###....ZV.#####
#.....#'####..#
#.....#....#..#
#.....#....'..#
#+###+###.....#...##..#
..............#...##..#
..............#....#..#
..............#....#..#


You could see a vampire (ally target), a gnoll, a howler monkey zombie, a
friendly ice beast (summoned) and a friendly hound (summoned).

Vanquished Creatures
  An adder (D:3)
  2 worms (D:2)
  An endoplasm (D:2)
  A giant cockroach (D:3)
  A kobold (D:2)
  2 bats (D:2)
  2 frilled lizards (D:2)
  A rat (D:2)
11 creatures vanquished.

Vanquished Creatures (collateral kills)
  An ogre (D:4)
  3 gnolls (D:2)
  2 adders (D:3)
  2 worms
  4 dart slugs
  2 bats (D:1)
  4 endoplasms
  A giant cockroach (D:2)
  5 goblins
  4 hobgoblins
  A kobold (D:1)
  2 quokkas
  6 ball pythons
  3 frilled lizards
  A rat (D:3)
41 creatures vanquished.

Grand Total: 52 creatures vanquished

Notes
Turn   | Place    | Note
-------+----------+-------------------------------------------
     0 | D:1      | Heoruswealwe the Deep Elf Summoner began the quest for the
                  | Orb.
     0 | D:1      | Reached XP level 1. HP: 10/10 MP: 6/6
   375 | D:1      | Reached XP level 2. HP: 15/15 MP: 3/8
   382 | D:1      | Learned a level 2 spell: Call Imp
   786 | D:2      | Reached skill level 5 in Summonings
   786 | D:2      | Reached XP level 3. HP: 6/19 MP: 2/10
   974 | D:2      | Learned a level 3 spell: Call Canine Familiar
   978 | D:2      | Learned a level 3 spell: Summon Guardian Golem
  1030 | D:2      | Reached XP level 4. HP: 24/24 MP: 9/12
  1315 | D:2      | Identified a scroll of acquirement
  1317 | D:2      | Acquired a book of Beasts
  1406 | D:3      | Found a glowing silver altar of Zin.
  1416 | D:3      | Reached skill level 5 in Spellcasting
  1421 | D:3      | Learned a level 4 spell: Summon Ice Beast
  1557 | D:3      | Found a sparkling altar of Nemelex Xobeh.
  1731 | D:3      | Found a faded altar of an unknown god.
  1747 | D:3      | Prayed at the altar of an unknown god.
  1747 | D:3      | Became a worshipper of Yredelemnul the Dark
  1747 | D:3      | Reached * piety under Yredelemnul
  1748 | D:3      | Fell from the grace of Yredelemnul
  2106 | D:4      | Noticed an ogre
  2116 | D:4      | Killed an ogre
  2117 | D:4      | Reached skill level 6 in Summonings
  2117 | D:4      | Reached XP level 5. HP: 28/28 MP: 3/15
  2219 | D:4      | Noticed a vampire
  2231 | D:4      | Mangled by a vampire

Illustrated notes

Levels and vault maps discovered:
D:1:      dpeg_arrival_short_road, layout_loops_cross
D:2:      layout_rooms, minmay_domino_2
D:3:      layout_basic, nemelex_diamond_rough_becter, amcnicky_altar_gilded,
          shapermc_ecumenical_altar_pompeii, st_stairs_7
D:4:      layout_gridville

Skill      XL: |  1  2  3  4 |
---------------+-------------+-----
Spellcasting   | 4 5 |  5.9
Summonings     | 5 6 |  6.1
Dodging        | |  2.4
Stealth        | |  2.4

Action                     |  1- 3 |  4- 6 || total
---------------------------+-------+-------++-------
  Melee: Unarmed           |     1 |       ||     1
         Whip              |     9 |     5 ||    14
         Long sword        |       |     9 ||     9
         Dagger            |       |     4 ||     4
   Cast: Summon Small Mamm |    44 |       ||    44
         Call Canine Famil |     1 |     8 ||     9
         Summon Ice Beast  |       |     3 ||     3
 Invoke: Renounce Religion |       |     1 ||     1
    Use: Scroll            |       |     6 ||     6
 Armour: Robe              |     4 |     1 ||     5
  Dodge: Dodged            |     9 |    19 ||    28
  Block: Other             |     5 |     5 ||    10
         Reflection        |     1 |       ||     1
